 Dungeon Crawl Stone Soup version 0.26-a0-227-g1af32d979d (webtiles) character file.

Game seed: 4263127705285381937

18223 MrRokkomies the Covert (level 12, 0/76 HPs)
             Began as a Kobold Arcane Marksman on July 7, 2020.
             Was a Priest of Dithmenos.
             Killed from afar by a frost giant (46 damage)
             ... with a bolt of cold
             ... in an ice cave.
             The game lasted 01:09:19 (19068 turns).

MrRokkomies the Covert (Kobold Arcane Marksman)    Turns: 19068, Time: 01:09:20

Health: 0/76       AC: 18    Str: 11    XL:     12   Next: 92%
Magic:  9/13       EV: 20    Int: 15    God:    Dithmenos [***...]
Gold:   1108       SH:  0    Dex: 18    Spells: 4/13 levels left

rFire    + + .     SeeInvis .   b - +8 short sword (freeze)
rCold    . . .     Faith    .   (shield restricted)
rNeg     . . .     Spirit   .   x - +0 ring mail {rF+}
rPois    +         Reflect  .   u - +1 helmet
rElec    .         Harm     .   k - +2 cloak
rCorr    .                      h - +2 pair of gloves
MR       .....                  q - +0 pair of boots {run}
Stlth    +++++++...             G - amulet of the acrobat
HPRegen  0.22/turn              z - +4 ring of protection
MPRegen  0.13/turn              y - ring of the Water Diviner {rPois rF+ Dex+2 Stlth+}

@: wreathed by umbra, quick
A: small
a: Shadow Step, Renounce Religion


You were in an ice cave.
You worshipped Dithmenos.
Dithmenos was most pleased with you.
You were not hungry.

You visited 3 branches of the dungeon, and saw 13 of its levels.
You also visited: Bailey and Ice Cave.

You collected 1108 gold pieces.

Inventory:

Hand Weapons
 a - a +1 hand crossbow
 b - a +8 short sword of freezing (weapon)
 f - a +2 short sword of protection
 w - a +2 rapier of holy wrath
Missiles
 c - 36 poisoned darts (quivered)
 p - a throwing net
 D - 27 bolts
Armour
 h - a +2 pair of gloves (worn)
 k - a +2 cloak (worn)
 q - a +0 pair of boots of running (worn)
 u - a +1 helmet (worn)
 x - a +0 ring mail of fire resistance (worn)
Jewellery
 j - an uncursed amulet of regeneration
 r - a +6 ring of strength
 y - the ring of the Water Diviner (right hand) {rPois rF+ Dex+2 Stlth+}
   (You acquired it on level 8 of the Dungeon)

   [ring of protection from fire]

   It affects your dexterity (+2).
   It protects you from fire.
   It protects you from poison.
   It makes you more stealthy.
 z - a +4 ring of protection (left hand)
 B - an uncursed ring of magical power
 G - an amulet of the acrobat (around neck)
Wands
 v - a wand of polymorph (11)
Scrolls
 e - 2 scrolls of enchant armour
 g - a scroll of remove curse
 A - a scroll of fog
 F - 2 scrolls of fear
 H - 3 scrolls of teleportation
Potions
 d - 2 potions of curing
 i - 2 potions of mutation
 l - 5 potions of might
 n - 2 potions of heal wounds {unknown}
 o - a potion of cancellation
 t - 2 potions of stabbing
 C - a potion of magic
Comestibles
 m - 2 rations


   Skills:
 + Level 9.3 Fighting
 + Level 10.7 Short Blades
 - Level 10.0 Crossbows
 - Level 10.0 Dodging
 - Level 11.0 Stealth
 - Level 1.1 Spellcasting
 * Level 3.1 Conjurations
 * Level 9.2 Hexes


You had 4 spell levels left.
You knew the following spells:

 Your Spells              Type           Power        Failure   Level
a - Corona                Hex            ####...      1%          1
b - Slow                  Hex            ####....     1%          2
c - Inner Flame           Hex/Fire       ##......     26%         3
d - Dazzling Flash        Conj/Hex       ###...       14%         3

Your spell library contained the following spells:

 Spells                   Type           Power        Failure   Level
 Cause Fear               Hex            ####......   13%         4
 Magic Dart               Conj           ##..         16%         1
 Searing Ray              Conj           ##....       24%         2
 Portal Projectile        Hex/Tloc       ##....       26%         3
 Fulminant Prism          Conj/Hex       ###.......   43%         4
 Blink                    Tloc           N/A          65%         2
 Call Imp                 Summ           #.......     65%         2
 Leda's Liquefaction      Hex/Erth       ##........   65%         4
 Conjure Flame            Conj/Fire      #.......     67%         3
 Mephitic Cloud           Conj/Pois/Air  #.......     75%         3
 Iskenderun's Mystic Bla  Conj/Tloc      #.......     97%         4


Dungeon Overview and Level Annotations

Branches:
Dungeon (10/15)            Temple (0/1) D:7            Lair (2/6) D:8
    Orc (1/2) D:9          Bailey (visited)           IceCv (1/1)
  Swamp: Lair:2-4    Shoals: Lair:2-4     Snake: Lair:2-4    Spider: Lair:2-4

Altars:
Dithmenos
Makhleb
Nemelex Xobeh
Qazlal
Ru
Uskayaw
Yredelemnul
The Shining One

Annotations:
D:4 exclusion: downstairs
D:5 Grinder
D:9 Gastronok
Orc:1 Jorgrun


Message History

Unknown command.
The frost giant is too close now for your liking.
Aiming: Shadow Step
Press: ? - help, Dir - move target cursor, f - you You cannot target yourself.
Okay, then.
Unknown command.
The frost giant shouts!
The frost giant gestures at you while chanting.
The bolt of cold misses you. The frost giant casts a spell at you.
The bolt of cold hits you!!
Aiming: Shadow Step
Press: ? - help, Dir - move target cursor, f - frost giant
Aim: a frost giant, wielding a +2 battleaxe of freezing (umbra)
You step into the frost giant's shadow.
The frost giant points at you and mumbles some strange words.
The bolt of cold hits you!!!
Ouch! That really hurt!
You die...

#..# ##..# ##...#
##...## #### ##....#
##..## #### #.....#
##....#####..####....##
#.......##....##....###
#.\.\.@.....#.......##.
#......C...###......##.
##....##..## ###...#...
##..###### ##......
#### #....... ##......
##..... ##.... ##..#


You could see a frost giant.

Vanquished Creatures
  3 hydras
  A two-headed ogre (D:9)
  Pikel (D:7)
  2 ice statues (IceCv)
  3 cane toads
  3 komodo dragons
  15 polar bears (IceCv)
  A queen bee (D:8)
  2 hippogriffs (Lair:1)
  A basilisk (Lair:1)
  A wraith (D:10)
  Grum (D:8)
  13 yaks
  Eustachio (D:5)
  5 water moccasins
  A porcupine (Lair:1)
  An ice beast (D:9)
  5 orc warriors
  A sky beast (D:5)
  3 ogres
  A necrophage (D:9)
  16 wolves
  3 centaurs
  2 crocodiles
  2 lemures (D:7)
  A big kobold (D:9)
  5 bullfrogs
  3 scorpions
  17 killer bees
  27 wights
  3 howler monkeys (D:10)
  A centaur zombie (D:9)
  2 bullfrog zombies
  3 orc wizards
  A jelly (D:8)
  A centaur skeleton (D:9)
  2 orc priests
  3 bullfrog skeletons
  6 hounds
  Crazy Yiuf (D:7)
  Jessica (D:2)
  2 iguanas
  5 worker ants
  A hound zombie (D:6)
  2 hound skeletons
  A worker ant zombie (D:8)
  A gnoll (Bailey)
  6 adders
  2 white imps
  2 ufetubi
  An ooze (D:4)
  2 adder zombies
  An adder skeleton (D:4)
  5 worms
  5 dart slugs
  5 leopard geckos
  15 orcs
  4 giant cockroaches
  10 goblins
  9 hobgoblins
  16 jackals
  19 kobolds
  3 quokkas
  A ball python (D:2)
  7 bats
  5 frilled lizards
  A quokka skeleton (D:6)
  7 rats
  A plant (D:8)
304 creatures vanquished.

Vanquished Creatures (others)
  A plant (D:8)
1 creature vanquished.

Grand Total: 305 creatures vanquished

Notes
Turn   | Place    | Note
-------+----------+-------------------------------------------
     0 | D:1      | MrRokkomies the Kobold Arcane Marksman began the quest for
                  | the Orb.
     0 | D:1      | Reached XP level 1. HP: 12/12 MP: 2/2
    27 | D:1      | Reached XP level 2. HP: 16/16 MP: 3/3
   136 | D:1      | Reached skill level 1 in Stealth
   194 | D:1      | Reached XP level 3. HP: 20/20 MP: 4/4
   198 | D:1      | Learned a level 2 spell: Slow
   656 | D:1      | You fall into a shaft and drop 1 floor!
   657 | D:2      | Noticed Jessica
   679 | D:2      | Killed Jessica
   679 | D:2      | Reached XP level 4. HP: 11/25 MP: 5/5
  1141 | D:2      | Found a stormy altar of Qazlal.
  1405 | D:2      | Reached skill level 2 in Stealth
  1552 | D:2      | Reached XP level 5. HP: 28/29 MP: 6/6
  1790 | D:3      | Found a sparkling altar of Nemelex Xobeh.
  2003 | D:3      | Noticed an ogre
  2163 | D:3      | Learned a level 3 spell: Inner Flame
  2593 | D:3      | Reached XP level 6. HP: 34/34 MP: 7/7
  3006 | D:3      | Killed an ogre
  3006 | D:3      | Reached skill level 5 in Dodging
  3006 | D:3      | Reached skill level 3 in Stealth
  3249 | D:4      | Noticed an ogre
  3368 | D:3      | Killed an ogre
  3368 | D:3      | Reached skill level 5 in Crossbows
  3368 | D:3      | Reached XP level 7. HP: 38/38 MP: 4/8
  3811 | D:4      | Identified a +0 pair of boots of running (You found it on
                  | level 4 of the Dungeon)
  4106 | D:5      | Entered Level 5 of the Dungeon
  4106 | D:5      | Noticed Grinder
  4212 | D:5      | Noticed Eustachio
  4362 | D:5      | Killed Eustachio
  4362 | D:5      | Reached skill level 4 in Stealth
  4446 | D:5      | Found a shadowy altar of Dithmenos.
  4460 | D:5      | Reached XP level 8. HP: 18/43 MP: 9/9
  4469 | D:5      | Became a worshipper of Dithmenos the Shadowed
  4574 | D:6      | Found a basalt altar of Yredelemnul.
  4607 | D:6      | Found a hide-covered altar of Uskayaw.
  4609 | D:6      | Noticed a +0 hand axe
  4610 | D:6      | Noticed a +0 dagger
  5078 | D:6      | You fall into a shaft and drop 3 floors!
  5130 | D:9      | Found a staircase to the Orcish Mines.
  5214 | D:9      | Reached skill level 5 in Stealth
  5361 | D:9      | Reached * piety under Dithmenos
  5468 | D:9      | Noticed Gastronok
  5694 | D:8      | Reached skill level 5 in Hexes
  5706 | D:8      | Found a burning altar of Makhleb.
  5751 | D:8      | Noticed Grum
  5791 | D:8      | Reached XP level 9. HP: 38/47 MP: 10/10
  5854 | D:8      | Reached skill level 6 in Stealth
  5907 | D:8      | Noticed a two-headed ogre
  6287 | D:8      | Identified a scroll of acquirement
  6288 | D:8      | Got the ring of the Water Diviner {rPois rF+ Dex+2 Stlth+}
  6535 | D:7      | Noticed Pikel
  6552 | D:7      | Killed Pikel
  6591 | D:7      | Found a sacrificial altar of Ru.
  6649 | D:7      | Reached skill level 7 in Stealth
  6841 | D:7      | Learned a level 3 spell: Dazzling Flash
  6960 | D:7      | Found a runed translucent door.
  6961 | D:7      | Noticed Crazy Yiuf
  6989 | D:7      | Killed Crazy Yiuf
  7064 | D:7      | Reached XP level 10. HP: 52/52 MP: 11/11
  7071 | D:7      | Reached ** piety under Dithmenos
  7097 | D:7      | Found a staircase to the Ecumenical Temple.
  7543 | D:6      | Found a glowing golden altar of the Shining One.
  7545 | D:6      | Noticed an angel
  7967 | D:8      | Killed Grum
  7982 | D:8      | Got a pitted long sword
  7989 | D:8      | Identified the +1 long sword "Vicimn" {protect, Int+2} (You
                  | found it on level 8 of the Dungeon)
  8271 | D:8      | Reached skill level 10 in Dodging
  8298 | D:8      | Reached skill level 8 in Stealth
  8317 | D:8      | Reached skill level 10 in Crossbows
  8357 | D:8      | Reached skill level 1 in Short Blades
  8712 | D:8      | Noticed a komodo dragon
  8843 | D:8      | Killed a komodo dragon
  8935 | D:8      | Found a staircase to the Lair.
  9092 | Lair:1   | Entered Level 1 of the Lair of Beasts
  9358 | Lair:1   | Noticed a komodo dragon
  9372 | Lair:1   | Noticed a cane toad
 10237 | Orc:1    | Entered Level 1 of the Orcish Mines
 10241 | Orc:1    | Noticed Jorgrun
 10266 | D:10     | Entered Level 10 of the Dungeon
 10569 | D:10     | Reached skill level 9 in Stealth
 10569 | D:10     | Reached XP level 11. HP: 35/62 MP: 12/12
 10744 | D:10     | Reached skill level 5 in Short Blades
 10774 | D:10     | Found a flagged portal.
 10787 | Bailey   | Entered a bailey
 10981 | Bailey   | Reached *** piety under Dithmenos
 11176 | Bailey   | Found a burning altar of Makhleb.
 11448 | Bailey   | Reached skill level 5 in Fighting
 11665 | Bailey   | Got a slimy plate armour
 12269 | D:10     | Identified the +0 plate armour of Stoicism {Dex+5} (You
                  | found it in a bailey)
 12314 | D:10     | Noticed a skeletal warrior
 12314 | D:10     | Noticed a skeletal warrior
 12318 | D:10     | Noticed a skeletal warrior
 12319 | D:10     | Noticed a skeletal warrior
 12381 | D:9      | Killed a two-headed ogre
 12908 | Lair:1   | Noticed a six-headed hydra
 13827 | Lair:1   | Killed a six-headed hydra
 13827 | Lair:1   | Reached skill level 10 in Stealth
 14241 | Lair:2   | Reached **** piety under Dithmenos
 14250 | Lair:2   | Noticed a five-headed hydra
 14278 | Lair:2   | Killed a five-headed hydra
 14306 | Lair:2   | Reached XP level 12. HP: 56/72 MP: 13/13
 14446 | Lair:2   | Noticed a six-headed hydra
 14451 | Lair:2   | Killed a six-headed hydra
 14600 | Lair:2   | Found a frozen archway.
 14609 | IceCv    | Entered an ice cave
 14963 | IceCv    | Reached skill level 10 in Short Blades
 15436 | IceCv    | Reached skill level 11 in Stealth
 17346 | IceCv    | Reached skill level 1 in Conjurations
 17790 | IceCv    | Noticed a frost giant
 19068 | IceCv    | Killed from afar by a frost giant

Illustrated notes

Levels and vault maps discovered:
D:1:      dpeg_arrival_fog, layout_loops_ring, minmay_split_cup_small
D:2:      layout_basic, grunt_qazlal_clouds, uniq_jessica
D:3:      layout_loops_ring, nemelex_xobeh_ov_fountains_minmay
D:4:      layout_basic, first_ration
D:5:      layout_basic, old_standard_altar, okawaru_trees_2, uniq_grinder,
          uniq_eustachio, uniq_sigmund
D:6:      layout_loops_corners, grunt_temple_overflow_holy_war,
          dancing_weapons_uskayaw
D:7:      layout_basic, nicolae_ru_the_path_less_chosen,
          minmay_temple_entry_proselytizer, uniq_crazy_yiuf_cottage, uniq_pikel
D:8:      layout_basic, nicolae_overflow_crystal_walls, david_lair_shrubbed,
          david_nohive_1, uniq_grum
D:9:      layout_stronghold, orc_0_dummy, uniq_gastronok
D:10:     layout_layer_cave, basic_altar, enter_bailey_2, uniq_snorg,
          uniq_maurice
Lair:1:   layout_long_grid, st_stairs_3
Lair:2:   layout_regular_city, guppyfry_snake_entry_island,
          portal_ice_cave_entry_pillars_2
Orc:1:    layout_caves, uniq_jorgrun
IceCv:    ice_cave_small_giant

Skill      XL: |  1  2  3  4  5  6  7  8  9 10 11 12 |
---------------+-------------------------------------+-----
Stealth        | 1 2 3 4 5 7 9 10 11 | 11.0
Crossbows      | 3 4 5 6 7 9 10 | 10.0
Dodging        | 3 4 5 6 7 9 10 | 10.0
Hexes          | 4 5 6 7 8 9 |  9.2
Fighting       | 4 7 9 |  9.3
Short Blades   | 4 8 10 | 10.7
Conjurations   | 3 |  3.1
Spellcasting   | |  1.1

Action                   |  1- 3 |  4- 6 |  7- 9 | 10-12 || total
-------------------------+-------+-------+-------+-------++-------
Melee: Short sword       |    59 |   205 |   166 |   725 ||  1155
       Unarmed           |     2 |       |       |       ||     2
       Rapier            |       |       |   114 |   103 ||   217
 Fire: Hand crossbow     |    22 |    78 |   236 |   261 ||   597
Throw: Dart              |       |     5 |    21 |   139 ||   165
       Throwing net      |       |       |       |     3 ||     3
 Cast: Slow              |       |    19 |     8 |    16 ||    43
       Corona            |       |       |     1 |       ||     1
       Inner Flame       |       |       |       |     1 ||     1
Invok: Shadow Step       |       |       |       |     5 ||     5
  Use: Scroll            |       |     9 |    10 |     6 ||    25
       Potion            |       |       |     1 |     5 ||     6
 Stab: Sleeping          |     1 |     6 |     8 |    26 ||    41
       Distracted        |       |       |     1 |     2 ||     3
       Held in net/web   |       |       |       |     3 ||     3
  Eat: Ration            |       |     2 |     4 |    10 ||    16
Armor: Robe              |    22 |    24 |       |       ||    46
       Leather armour    |       |    45 |   139 |    84 ||   268
       Ring mail         |       |       |       |   143 ||   143
Dodge: Dodged            |    66 |   265 |   584 |  1028 ||  1943

Table legend:
 A = Non-vault XP
 B = Vault XP
 C = Vault XP percentage of total XP
 D = Non-vault monster count
 E = Vault monster count
 F = Vault count percentage of total count
                 A         B        C        D         E       F
            +---------+---------+-------+---------+---------+-------
      Total |   13630 |   12404 |  47.6 |     218 |      83 |  27.6
            +---------+---------+-------+---------+---------+-------
        D:1 |      36 |       5 |  12.2 |      23 |       3 |  11.5
        D:2 |      64 |      37 |  36.6 |      20 |       1 |   4.8
        D:3 |     372 |       0 |   0.0 |      25 |       0 |   0.0
        D:4 |     215 |       0 |   0.0 |      17 |       0 |   0.0
        D:5 |     163 |     191 |  54.0 |       6 |       1 |  14.3
        D:6 |     105 |       0 |   0.0 |       8 |       0 |   0.0
        D:7 |     641 |     731 |  53.3 |      13 |       4 |  23.5
        D:8 |    1078 |    1853 |  63.2 |      25 |      19 |  43.2
        D:9 |    2158 |     183 |   7.8 |      30 |       2 |   6.2
       D:10 |    2040 |       0 |   0.0 |      26 |       0 |   0.0
     Lair:1 |    2852 |     576 |  16.8 |      10 |       2 |  16.7
     Lair:2 |    3866 |       0 |   0.0 |      14 |       0 |   0.0
      Orc:1 |      40 |       0 |   0.0 |       1 |       0 |   0.0
     Bailey |       0 |     565 | 100.0 |       0 |      16 | 100.0
      IceCv |       0 |    8263 | 100.0 |       0 |      35 | 100.0
            +---------+---------+-------+---------+---------+-------
